 Dungeon Crawl Stone Soup version 0.29-a0-369-gd956c00756 (webtiles) character file.

Game seed: 10251964568382986846

26 Antichthon the Covered (level 3, -12/23 HPs)
             Began as a Gargoyle Fighter on May 2, 2022.
             Killed by an exploding endoplasm (35 damage)
             ... ignited by their inner flame
             ... on level 2 of the Dungeon.
             The game lasted 00:01:23 (1181 turns).

Antichthon the Covered (Gargoyle Fighter)           Turns: 1181, Time: 00:01:24

Health: -12/23     AC: 10    Str: 19    XL:     3   Next: 8%
Magic:  3/3        EV:  9    Int: 10    God:
Gold:   94         SH:  4    Dex:  9    Spells: 2/2 levels left

rFire   . . .      SeeInvis .   a - +1 flail
rCold   . . .      Faith    .   c - +0 buckler
rNeg    + . .      Spirit   .   b - +0 scale mail
rPois   ∞          Reflect  .   (no helmet)
rElec   +          Harm     .   (no cloak)
rCorr   .          Rampage  .   (no gloves)
Will    .....                   (no boots)
Stlth   ..........              (no amulet)
HPRegen 0.07/turn               (no ring)
MPRegen 0.08/turn               (no ring)

@: no status effects
A: sickness immunity, AC +3, negative energy resistance 1, electricity
resistance, torment resistance 1, petrification resistance
a: no special abilities


You were on level 2 of the Dungeon.
You visited 1 branch of the dungeon, and saw 2 of its levels.

You collected 94 gold pieces.

Inventory:

Hand Weapons
 a - a +1 flail (weapon)
Armour
 b - a +0 scale mail (worn)
 c - a +0 buckler (worn)
Scrolls
 e - a scroll of teleportation
Potions
 d - a potion of might
 f - 2 potions of mutation {unknown}
 g - a potion of degeneration {unknown}
 h - 2 potions of curing {unknown}
 i - a potion of attraction {unknown}


   Skills:
 * Level 3.5 Fighting
 * Level 2.3 Maces & Flails
 * Level 3.7 Armour
 * Level 0.4 Dodging
 * Level 3.5 Shields
 * Level 0.3 Invocations


You had 2 spell levels left.
You didn't know any spells.
Your spell library contained the following spells:

 Spells                   Type           Power      Damage    Failure   Level
 Conjure Flame            Conj/Fire      0%         6-21      99%         3
 Ignite Poison            Fire/Tmut/Pois 0%         N/A       99%         3
 Sticky Flame             Conj/Fire      0%         2d3       100%        4


Dungeon Overview and Level Annotations

Branches:
Dungeon (2/15)

Altars:


Innate Abilities, Weirdness & Mutations

You are immune to sickness and miasma.
Your stone body is resilient. (AC +3)
You are immune to poison.
You resist negative energy. (rN+)
You are resistant to electric shocks. (rElec)
You are resistant to unholy torment.
You are immune to petrification.


Message History

There are no items here.
The ball python attacks as you move away!
The ball python bites you.
You see here a scroll labelled RAJANU VOCAH.
j - a scroll labelled RAJANU VOCAH The ball python bites you but does no damage.
The ball python grabs you. The ball python constricts you.
You escape the ball python's grasp.
The ball python attacks as you move away!
You block the ball python's attack.
You barely miss the ball python. The ball python completely misses you.
The ball python barely misses you. You block the ball python's attack.
The ball python barely misses you.
You completely miss the ball python.
The ball python bites you but does no damage.
The ball python closely misses you.
The ball python bites you but does no damage.
The ball python closely misses you.
You closely miss the ball python. The ball python completely misses you.
The ball python grabs you. The ball python constricts you.
You sock the ball python!
You kill the ball python!
h - 2 lumpy pink potions (gained 1)
Found 17 stones.
An endoplasm comes into view.
The endoplasm quivers.
As you read the scroll labelled RAJANU VOCAH, it crumbles to dust.
The creatures around you are filled with an inner flame!
It was a scroll of immolation.
A bat comes into view.
Found 3 poisoned darts.
The bat barely misses you.
You sock the bat!
You kill the bat!
You hit the endoplasm.
Flame seeps out of the endoplasm.
The endoplasm is lightly wounded.
The endoplasm is engulfed in blazing flames.
The endoplasm explodes!
The fiery explosion engulfs you!!
Ouch! That really hurt!
You die...

....#
###......###.#.#.
..... #......# #.#.#.
.....####.#....#
#.#.#.
..(...##.#.######.#<..
.......#......#
###...########.#
###.....########.#
#................#
..###§@###########
#.§○## #....§ (......
##..... ###... ###. ..


There were no monsters in sight!

Vanquished Creatures
  A dart slug (D:1)
  3 ball pythons
  5 endoplasms
  2 giant cockroaches
  A hobgoblin (D:1)
  2 bats
  A frilled lizard (D:1)
  3 goblins (D:1)
  4 kobolds (D:1)
22 creatures vanquished.

Notes
Turn   | Place    | Note
-------+----------+-------------------------------------------
     0 | D:1      | Antichthon the Gargoyle Fighter began the quest for the
                  | Orb.
     0 | D:1      | Reached XP level 1. HP: 14/14 MP: 1/1
   574 | D:1      | Reached XP level 2. HP: 18/19 MP: 2/2
  1084 | D:2      | Reached XP level 3. HP: 21/23 MP: 3/3
  1181 | D:2      | Killed by an exploding endoplasm... ignited by their inner
                  | flame

Illustrated notes

Levels and vault maps discovered:
D:1:      dpeg_arrival_arbitrary_b, layout_loops_ring, dk_noncrumbling_4,
          minmay_misc_feat_rugged, minivault_4, nrook_loot_triangle,
          minmay_box_of_dots
D:2:      layout_basic, minmay_unequal

Action                   || total
-------------------------++-------
Melee: Flail             ||    61
  Use: Scroll            ||     4
Armor: Scale mail        ||    36
Dodge: Dodged            ||    35
Block: Buckler           ||    13

Table legend: (Time is in decaauts)
 A = Elapsed time spent in this place.
 B = Non-inter-level travel time spent in this place.
 C = Inter-level travel time spent in this place.
 D = Time resting spent in this place.
 E = Time spent auto-exploring this place.
 F = Levels seen in this place.
 G = Mean time per level.
                   A        B        C        D        E       F      G
               +--------+--------+--------+--------+--------+-----+--------+
         Total |   1202 |   1172 |     30 |      0 |    983 |   2 |  601.0 |
       Dungeon |   1202 |   1172 |     30 |      0 |    983 |   2 |  601.0 |
               +--------+--------+--------+--------+--------+-----+--------+

Top non-repeatable levels by time:
     D:1: 1097 daAuts
     D:2: 104 daAuts
